Map: Lerilak Crest

Players

Umbi

  • Race: Protoss Protoss
  • League: Master

State - Winner!

  • Race: Protoss Protoss
  • League: Grandmaster

VOD

Have the link to the VOD?

Description

Time

  • Played on: Jan. 26, 2016, 2:45 p.m.
  • Length: 9:39
Show
View Real Time Build Order
Export as new Build Order

Umbi Protoss 

Build Orders:  

Get SALT Encoding   

  13  0:10  Pylon  
  13  0:13  Probe (Chrono Boost)  
  13  0:23  Probe (Chrono Boost)  
  14  0:30  Gateway  
  14  0:34  Probe (Chrono Boost)  
  15  0:40  Assimilator  
  15  0:45  Probe (Chrono Boost)  
  16  0:55  Probe (Chrono Boost)  
  17  1:06  Probe (Chrono Boost)  
  18  1:16  Probe (Chrono Boost)  
  18  1:17  Cybernetics Core  
  19  1:27  Probe (Chrono Boost)  
  20  1:35  Gateway  
  20  1:38  Probe (Chrono Boost)  
  21  1:49  Assimilator  
  22  1:54  Adept, Warp Gate (Chrono Boost)  
  22  1:58  Pylon  
  23  2:16  Probe  
  23  2:17  Gateway x2  
  24  2:28  Probe  
  25  2:35  Adept x2  
  29  2:37  Pylon  
  29  3:15  Probe  
  29  3:30  Pylon  
  29  3:43  Stalker  
  29  3:44  Stalker x3  
  37  3:49  Pylon  
  37  4:09  Stalker x2  
  37  4:10  Stalker x2  
  39  4:34  Twilight Council  
  39  4:39  Stalker  
  39  4:40  Stalker x3  
  49  5:02  Pylon  
  41  5:17  Blink (Chrono Boost)  
  41  5:18  Stalker  
  41  5:19  Stalker  
  43  5:25  Probe  
  44  5:51  Stalker x4  
  52  6:00  Pylon  
  44  6:20  Probe  
  45  6:33  Stalker x3  
  51  6:42  Stalker  
  53  7:03  Stalker x2  
  57  7:12  Stalker  
  51  7:42  Probe  
  51  8:00  Mothership Core (Chrono Boost)  
  52  8:13  Stalker  
  52  8:18  Probe (Chrono Boost)  
  55  8:29  Probe (Chrono Boost)  
  56  8:40  Probe (Chrono Boost)  
  57  8:44  Stalker  
  59  8:50  Stalker, Probe (Chrono Boost)  
  60  9:13  Stalker  
  62  9:17  Pylon  
Show
View Real Time Build Order
Export as new Build Order

State Protoss - Winner!

Build Orders: 1 Gate Expand 

Get SALT Encoding   

  12  0:03  Probe (Chrono Boost)  
  13  0:13  Probe (Chrono Boost)  
  14  0:18  Pylon  
  14  0:24  Probe (Chrono Boost)  
  15  0:36  Probe (Chrono Boost)  
  15  0:38  Gateway  
  16  0:43  Assimilator  
  16  0:47  Probe (Chrono Boost)  
  17  0:57  Probe (Chrono Boost)  
  18  1:08  Probe (Chrono Boost)  
  19  1:22  Probe (Chrono Boost), Nexus  
  20  1:32  Assimilator  
  20  1:34  Probe (Chrono Boost)  
  20  1:37  Cybernetics Core  
  21  1:42  Assimilator  
  21  1:46  Probe (Chrono Boost)  
  22  1:52  Pylon  
  22  1:57  Probe (Chrono Boost)  
  23  2:07  Warp Gate  
  23  2:15  Adept (Chrono Boost)  
  26  2:16  Mothership Core (Chrono Boost)  
  27  2:33  Probe (Chrono Boost)  
  28  2:37  Probe (Chrono Boost)  
  28  2:38  Adept (Chrono Boost)  
  31  2:45  Probe (Chrono Boost)  
  31  2:48  Probe (Chrono Boost)  
  33  2:55  Probe (Chrono Boost), Stargate  
  33  2:59  Probe  
  33  3:02  Gateway  
  34  3:07  Probe  
  34  3:11  Probe  
  36  3:20  Stalker (Chrono Boost)  
  36  3:21  Gateway  
  36  3:22  Probe  
  36  3:24  Probe  
  38  3:35  Pylon  
  40  3:42  Void Ray (Chrono Boost)  
  41  3:51  Pylon  
  41  4:13  Robotics Facility  
  43  4:17  Pylon  
  43  4:18  Stalker x2  
  43  4:21  Stalker  
  47  4:25  Pylon  
  47  4:26  Probe  
  47  4:27  Probe  
  48  4:34  Void Ray (Chrono Boost)  
  46  4:47  Pylon  
  46  4:49  Pylon  
  46  4:50  Sentry  
  48  4:59  Pylon  
  48  5:18  Oracle (Chrono Boost)  
  48  5:19  Zealot x2  
  55  5:32  Pylon  
  55  5:33  Pylon  
  55  5:50  Stalker  
  55  5:51  Stalker x2  
  58  6:21  Oracle (Chrono Boost)  
  58  6:22  Nexus  
  61  6:36  Robotics Facility  
  61  6:56  Void Ray (Chrono Boost)  
  61  7:00  Pylon  
  63  7:04  Pylon  
  60  7:24  Stalker, Immortal (Chrono Boost)  
  60  7:27  Probe  
  60  7:29  Pylon x2  
  64  7:48  Adept x2  
  64  7:49  Adept  
  70  8:05  Immortal (Chrono Boost)  
  74  8:39  Observer (Chrono Boost)  
  75  8:42  Zealot x2  
  75  8:43  Zealot  
  79  9:20  Nexus  
Tags
 
Add a new tag
Caveats
  • Supply blocks, unpowered buildings, or Contaminate may cause inaccurate times.
  • Supply counts are checked every 10 seconds.